 Dungeon Crawl Stone Soup version 0.13-a0-3076-g221303f (webtiles) character file.

61 Malachi the Ruinous (level 2, 0/17 HPs)
             Began as a High Elf Conjurer on Sept 17, 2013.
             Slain by a goblin
             ... wielding a +0,+0 club
              (3 damage)
             ... on Level 1 of the Dungeon.
             The game lasted 00:01:42 (901 turns).

Malachi the Ruinous (High Elf Conjurer)              Turns: 901, Time: 00:01:42

HP   0/17        AC  2     Str  7      XL: 2   Next: 82%
MP   0/5         EV 13     Int 18      God:
Gold 36          SH  0     Dex 15      Spells:  1 memorised,  2 levels left

Res.Fire  : . . .   See Invis. : .   h - +0 dwarf dagger
Res.Cold  : . . .   Warding    : .   a - +0 elf robe
Life Prot.: . . .   Conserve   : .   (no shield)
Res.Poison: .       Res.Corr.  : .   (no helmet)
Res.Elec. : .       Clarity    : .   (no cloak)
Sust.Abil.: . .     Spirit.Shd : .   (no gloves)
Res.Mut.  : .       Stasis     : .   (no boots)
Res.Rott. : .       Flight     : .   (no amulet)
Saprovore : . . .                    (no ring)
                                     (no ring)

@: not resistant to hostile enchantments, fairly stealthy
A: no striking features
a: no special abilities


You were on level 1 of the Dungeon.
You were hungry.

You visited 1 branch of the dungeon, and saw 1 of its levels.

You collected 16 gold pieces.

Inventory:

Hand weapons
 h - a +0,+0 dwarven dagger (weapon)
Armour
 a - a +0 elven robe (worn)
Comestibles
 b - a bread ration
 g - a cheese
 m - a chunk of jackal flesh
 n - a chunk of rat flesh
Scrolls
 e - a scroll of identify {unknown}
 k - a scroll of fear {unknown}
Potions
 d - 3 potions of might {unknown}
 f - a potion of cure mutation {unknown}
 i - a potion of agility {unknown}
 j - a potion of beneficial mutation {unknown}
 l - a potion of heal wounds {unknown}
Books
 c - a book of Conjurations

   Spells                             Type                      Level
   *Magic Dart                        Conjuration                  1
   Searing Ray                        Conjuration                  2
   Dazzling Spray                     Conjuration/Hexes            3
   Iskenderun's Mystic Blast          Conjuration                  4
   Iskenderun's Battlesphere          Conjuration/Charms           4
   Fulminant Prism                    Conjuration/Hexes            5


   Skills:
 * Level 2.4 Dodging
 + Level 2.1 Stealth
 * Level 1.3 Spellcasting
 * Level 5.2 Conjurations


You had 2 spell levels left.
You knew the following spells:

 Your Spells              Type           Power        Failure   Level  Hunger
a - Magic Dart            Conj           ###.         1%          1    ##.....


Dungeon Overview and Level Annotations

Branches:
Dungeon (1/27)

Altars:
Yredelemnul


Message History

The goblin closely misses you.
You see here a hobgoblin corpse.
You hit the goblin but do no damage. The goblin barely misses you.
You hit the goblin but do no damage. The goblin misses you.
You barely miss the goblin. The goblin hits you with a club.
* * * LOW HITPOINT WARNING * * *
You closely miss the goblin. The goblin misses you.
The goblin hits you with a club.
* * * LOW HITPOINT WARNING * * *
A hobgoblin comes into view. It is wielding an orcish club.
The hobgoblin moves out of view.
Casting: Magic Dart
Confirm with . or Enter, or press ? or * to list all spells.
Aiming: Magic Dart
Press: ? - help, Shift-Dir - straight line, f - goblin
Aim: a goblin, wielding a club The magic dart hits the goblin.
The goblin is moderately wounded.
The goblin hits you with a club.
You die...

##.###.##.............##..#''''#
#.## ##.#.#####.#####.♣..♣#....#
#.# #...# #.# #######....# #.##
##.### #.# #>≈≈≈'....'
##.###.########.###########.<..#
##...## #........).############
##.## #.##............######
##...####.##.#.#####.##...##.#
##.%.......##.#@#####.##..###.##
#...%.........g.##........###...
##.......%..####.......>.......).
.......#....# #..........#######
#)###...>.................# ####
... ##......####............ ....
#.#. #..#.#.# #.................
?#(#.+..#.#... ........≈≈≈.######
# # .#..#.#### .....##.≈[≈.#


You could see a goblin.

Vanquished Creatures
  An ooze (D:1)
  3 giant cockroaches (D:1)
  2 hobgoblins (D:1)
  2 kobolds (D:1)
  A ball python (D:1)
  A bat (D:1)
  2 giant newts (D:1)
  5 goblins (D:1)
  2 jackals (D:1)
  3 rats (D:1)
22 creatures vanquished.

Notes
Turn   | Place    | Note
--------------------------------------------------------------
     0 | D:1      | Malachi, the High Elf Conjurer, began the quest for the Orb.
     0 | D:1      | Reached XP level 1. HP: 11/11 MP: 4/4
   299 | D:1      | Reached XP level 2. HP: 9/17 MP: 1/5
   489 | D:1      | Reached skill level 5 in Conjurations
   643 | D:1      | Found a basalt altar of Yredelemnul.
   901 | D:1      | Slain by a goblin

Action                   || total
-------------------------++-------
Melee: Dagger            ||    42
 Cast: Magic Dart        ||    42
